AoeStats
← 青山新雨 夜观星河

Arena

510527373Analyzed
4v4 RM · 2d ago on Oct 1, 2026· 38m 28s· 8 players
Game mode
Random Map
Map size
Large (8 player)
Population
200
Speed
Normal
Resources
Standard
Victory
Conquest
Starting age
Dark Age
Ending age
Imperial Age
RankedLock teamsTeams togetherTeam positionsShared explorationLock speedFull tech treeHidden civsTurbo modeCheats
Victory
Defeat
🇧🇷 Lithuanians · Brazil
1077
+13
1037
+15
🇨🇳 Franks · China
980
+44
🇨🇳 Teutons · China
956
+19
🇧🇷 Byzantines · Brazil
1109
-19
🇨🇳 Wei · China
987
-15
🇨🇳 Burgundians · China
984
-15
🇨🇴 Persians · Colombia
983
-15
青山新雨 夜观星河
10:54 Feudal Age
11:43 Loom
14:49 Castle Age
13:14 Double-Bit Axe
13:56 Horse Collar
17:44 Wheelbarrow
21:13 Bow Saw
21:10 Heavy Plow
25:02 Gold Mining
29:12 Imperial Age
28:08 Scale Barding Armor
29:42 Ballistics
29:48 Bloodlines
29:39 Husbandry
30:01 Chain Barding Armor
30:21 Conscription
30:18 Fletching
31:32 Chemistry
30:29 Murder Holes
30:53 Hand Cart
30:50 Light Cavalry
30:59 Pikeman
31:40 Squires
33:07 Two-Man Saw
33:07 Bodkin Arrow
33:49 Plate Barding Armor
33:25 Forging
34:06 Hussar
34:49 Bracer
39:31 Iron Casting
38:27 Elite Conquistador
Coffee Break Golden
8:51 Feudal Age
9:55 Loom
13:22 Castle Age
16:10 Sanctity
16:04 Fervor
19:36 Wheelbarrow
19:00 Double-Bit Axe
23:40 Bow Saw
23:19 Horse Collar
24:39 Heavy Plow
31:12 Imperial Age
29:14 Hand Cart
29:17 Scale Barding Armor
29:47 Forging
29:23 Treadmill Crane
30:31 Fletching
31:28 Iron Casting
31:34 Gold Mining
32:17 Conscription
32:15 Block Printing
32:29 Chain Barding Armor
32:35 Bloodlines
32:26 Husbandry
34:02 Two-Man Saw
33:29 Elite Leitis
33:40 Capped Ram
36:06 Hoardings
37:30 Crop Rotation
37:40 Plate Barding Armor
38:43 Redemption
38:55 Ballistics
39:36 Chemistry
Bats-Hush
11:32 Feudal Age
12:21 Double-Bit Axe
18:02 Castle Age
19:16 Bow Saw
21:08 Gold Mining
23:09 Scale Barding Armor
23:11 Husbandry
23:26 Stone Mining
26:06 Forging
27:45 Wheelbarrow
32:11 Gold Shaft Mining
33:13 Iron Casting
38:17 Chain Barding Armor
Bear
10:53 Feudal Age
14:53 Castle Age
12:37 Horse Collar
13:12 Double-Bit Axe
15:37 Loom
17:11 Heavy Plow
23:03 Wheelbarrow
24:57 Bow Saw
25:32 Forging
25:38 Gold Mining
26:25 Scale Mail Armor
27:34 Squires
28:00 Fervor
28:12 Hand Cart
28:54 Ballistics
30:27 Stone Mining
33:45 Imperial Age
32:08 Stone Shaft Mining
31:28 Fletching
32:06 Sanctity
32:04 Bloodlines
32:33 Iron Casting
32:13 Chain Mail Armor
32:56 Chain Mail Armor
32:49 Scale Barding Armor
33:14 Bodkin Arrow
34:01 Fortified Wall
34:02 Masonry
34:32 Cavalier
36:17 Chemistry
35:22 Siege Engineers
35:53 Chain Barding Armor
36:34 Blast Furnace
35:56 Conscription
37:17 Plate Barding Armor
jadm9612
10:12 Feudal Age
16:54 Castle Age
14:43 Horse Collar
14:59 Double-Bit Axe
20:57 Wheelbarrow
26:10 Hand Cart
26:10 Gold Mining
26:11 Stone Mining
29:12 Scale Barding Armor
29:18 Forging
32:31 Imperial Age
30:24 Husbandry
31:25 Chain Barding Armor
31:40 Iron Casting
34:53 Plate Barding Armor
35:19 Blast Furnace
34:42 Cavalier
11111
2:17 Loom
9:20 Wheelbarrow
10:22 Double-Bit Axe
12:12 Feudal Age
14:25 Horse Collar
15:18 Bow Saw
17:42 Hand Cart
17:49 Stone Mining
18:44 Heavy Plow
22:33 Castle Age
21:22 Stone Shaft Mining
25:31 Gold Mining
26:24 Forging
26:15 Scale Mail Armor
27:46 Gold Shaft Mining
27:43 Crop Rotation
28:16 Two-Man Saw
33:37 Imperial Age
33:01 Iron Casting
34:25 Chain Mail Armor
36:46 Blast Furnace
36:16 Plate Mail Armor
L
2:03 Loom
11:54 Feudal Age
13:30 Double-Bit Axe
15:55 Castle Age
25:05 Horse Collar
27:00 Treadmill Crane
30:26 Imperial Age
28:58 Wheelbarrow
29:20 Husbandry
29:30 Bloodlines
30:01 Scale Mail Armor
29:36 Light Cavalry
31:01 Tuntian
31:40 Scale Barding Armor
31:48 Forging
31:08 Heavy Hei Guang Cavalry
31:44 Town Watch
32:23 Conscription
32:09 Gold Mining
32:11 Stone Mining
33:04 Chain Barding Armor
33:40 Ming Guang Armor
33:51 Hand Cart
33:48 Hussar
35:55 Iron Casting
37:07 Chemistry
36:47 Chain Mail Armor
37:36 Blast Furnace
andre.luizmg
11:19 Feudal Age
14:03 Loom
16:40 Castle Age
14:43 Horse Collar
15:02 Double-Bit Axe
16:11 Stone Mining
18:11 Wheelbarrow
18:05 Bow Saw
18:50 Heavy Plow
23:00 Gold Mining
25:35 Scale Barding Armor
28:17 Chain Barding Armor
29:03 Hand Cart
30:08 Forging
33:03 Imperial Age
31:51 Loom
32:50 Gold Shaft Mining
32:54 Stone Shaft Mining
32:58 Iron Casting
33:43 Ballistics
33:07 Capped Ram
33:46 Elite Cataphract
35:00 Conscription
34:51 Logistica
34:42 Greek Fire
35:05 Pikeman
35:46 Squires
35:32 Gambesons
37:45 Plate Barding Armor
Connection lost

Rejoining the realm…

Still unreachable

The connection could not be restored.

Session expired

The server has moved on; the page needs a fresh start.